 Dungeon Crawl Stone Soup version 0.20-a0-820-g557356e (webtiles) character file.

1621 pisechka the Cleaver (level 8, -1/71 HPs)
             Began as a Minotaur Berserker on Mar 4, 2017.
             Was an Elder of Trog.
             Slain by a gnoll
             ... wielding a +0 halberd
              (6 damage)
             ... on level 5 of the Dungeon.
             The game lasted 00:21:19 (4885 turns).

pisechka the Cleaver (Minotaur Berserker)           Turns: 4885, Time: 00:21:20

Health: -1/71      AC:  7    Str: 25    XL:     8   Next: 64%
Magic:  7/7        EV: 13    Int:  4    God:    Trog [****..]
Gold:   263        SH:  3    Dex:  9    Spells: 7/7 levels left

rFire    . . .     SeeInvis .   n - +0 broad axe
rCold    . . .     Gourm    .   e - +3 leather armour
rNeg     . . .     Faith    .   j - +0 buckler
rPois    +         Spirit   .   (helmet restricted)
rElec    .         Reflect  .   h - +0 cloak
rCorr    .         Harm     .   (no gloves)
MR       .....                  (no boots)
Stlth    +.........             (no amulet)
Regen    0.3/turn               (no ring)
MPRegen  0.1/turn               d - ring of poison resistance

@: exhausted, slowed, very slow
A: retaliatory headbutt, horns 2
a: Berserk, Trog's Hand, Brothers in Arms, Burn Spellbooks, Renounce Religion


You were on level 5 of the Dungeon.
You worshipped Trog.
Trog was greatly pleased with you.
You were not hungry.

You visited 1 branch of the dungeon, and saw 5 of its levels.

You collected 263 gold pieces.

Inventory:

Hand Weapons
 a - a +1 hand axe
 n - a +0 broad axe (weapon)
Armour
 e - a +3 leather armour (worn)
 h - a +0 cloak (worn)
 i - a +0 scale mail
 j - a +0 buckler (worn)
Jewellery
 d - a ring of poison resistance (left hand)
Wands
 g - a wand of iceblast (8/15)
 m - a wand of lightning (5/15)
Scrolls
 l - 2 scrolls of identify
 q - a scroll of remove curse
 s - a scroll of enchant weapon
Potions
 b - 2 potions of curing {unknown}
 c - 2 potions of lignification
 f - 2 potions of haste
 k - a potion of flight {unknown}
 o - a potion of resistance {unknown}
 p - a potion of heal wounds {unknown}
 r - a potion of agility {unknown}
 v - 2 potions of brilliance {unknown}
Comestibles
 t - a bread ration


   Skills:
 + Level 6.9 Fighting
 + Level 10.0 Axes
 + Level 4.9 Armour
 + Level 4.5 Dodging
 + Level 1.8 Stealth
 + Level 1.3 Shields


You had 7 spell levels left.
You didn't know any spells.

Dungeon Overview and Level Annotations

Branches:
Dungeon (5/15)
 Temple: D:4-7

Altars:
Ru
Sif Muna
Yredelemnul


Innate Abilities, Weirdness & Mutations

You reflexively headbutt those who attack you in melee.
You have a pair of horns on your head.


Message History

You barely miss the gnoll. Your headbutt misses the gnoll. You slash the gnoll!
You block the gnoll's attack. The gnoll hits you with a halberd.
* * * LOW HITPOINT WARNING * * *
Your shield prevents you from hitting the gnoll.
You slash the gnoll!
You kill the gnoll!
Trog accepts your kill.
You are no longer berserk.
You are exhausted.
You feel yourself slow down.
You completely miss the gnoll. Your headbutt misses the gnoll.
The gnoll hits you with a halberd!
* * * LOW HITPOINT WARNING * * *
The gnoll misses you.
You barely miss the gnoll. The gnoll barely misses you.
You furiously retaliate!
You headbutt the gnoll. You hit the gnoll.
The gnoll is heavily wounded.
The gnoll hits you with a halberd.
You die...

.# .###########
.......)...#
##....####.########
#.##.............##
#.................####
#.############.......##
##.# ##..⌠g..⌠..## ...#
#..)@.......# #.##
#..)..⌠.....# #.#
#..>.....<.)# #.#
#######.....⌠.....# #.#
#.....#....)......# ..#
#.######..⌠...⌠..## ### #.#
###..)....## .## #.#
#....#.#####..#
..#####.#####..###........#


You could see a gnoll.

Vanquished Creatures
  The ghost of Yehuk the Skirmisher, a novice FoCK of Xom (D:5)
  The ghost of kuniqs the Ducker, an amateur DsGl (D:4)
  Edmund (D:5)
  Duvessa (D:5)
  An ogre (D:5)
  A phantom (D:5)
  A centaur (D:5)
  Blork the orc (D:5)
  Dowan (D:5)
  2 crimson imps
  A gnoll shaman (D:5)
  An orc priest (D:3)
  A hound (D:5)
  A jelly (D:5)
  2 iguanas
  3 orc wizards
  A worker ant (D:3)
  2 hound skeletons (D:5)
  A gnoll (D:5)
  11 adders
  An ooze (D:1)
  An adder skeleton (D:4)
  3 worms (D:2)
  3 dart slugs
  4 leopard geckos
  15 orcs
  5 bats
  7 giant cockroaches
  7 goblins
  5 hobgoblins (D:3)
  5 jackals
  6 quokkas
  A ball python (D:2)
  2 ball python skeletons
  7 frilled lizards
  10 kobolds
  7 rats
124 creatures vanquished.

Notes
Turn   | Place    | Note
-------+----------+-------------------------------------------
     0 | D:1      | pisechka the Minotaur Berserker began the quest for the Orb.
     0 | D:1      | Reached XP level 1. HP: 19/19 MP: 0/0
    77 | D:1      | Reached skill level 4 in Axes
   111 | D:1      | Reached XP level 2. HP: 27/27 MP: 1/1
   856 | D:2      | Reached XP level 3. HP: 18/33 MP: 2/2
  1105 | D:2      | Reached ** piety under Trog
  1383 | D:2      | Reached XP level 4. HP: 41/41 MP: 3/3
  1874 | D:3      | Reached skill level 5 in Axes
  1884 | D:3      | Reached XP level 5. HP: 27/47 MP: 4/4
  1909 | D:3      | Reached skill level 5 in Fighting
  2187 | D:3      | Reached skill level 6 in Axes
  2191 | D:3      | Reached *** piety under Trog
  2508 | D:3      | Reached XP level 6. HP: 38/56 MP: 5/5
  3237 | D:4      | Noticed kuniqs's ghost (amateur DsGl)
  3257 | D:4      | Killed kuniqs's ghost
  3257 | D:4      | Reached skill level 1 in Stealth
  3714 | D:4      | Reached skill level 7 in Axes
  3888 | D:5      | Entered Level 5 of the Dungeon
  3997 | D:5      | Noticed Yehuk's ghost (novice FoCK)
  4000 | D:5      | Reached XP level 7. HP: 54/61 MP: 6/6
  4183 | D:5      | Found a sacrificial altar of Ru.
  4186 | D:5      | Found a basalt altar of Yredelemnul.
  4189 | D:5      | Found a deep blue altar of Sif Muna.
  4243 | D:5      | Noticed Edmund
  4251 | D:5      | Killed Edmund
  4266 | D:5      | Noticed Dowan
  4268 | D:5      | Noticed Duvessa
  4278 | D:5      | Killed Duvessa
  4278 | D:5      | Reached skill level 8 in Axes
  4283 | D:5      | Killed Dowan
  4284 | D:5      | Reached skill level 1 in Shields
  4420 | D:5      | Killed Yehuk's ghost
  4420 | D:5      | Reached skill level 9 in Axes
  4420 | D:5      | Reached XP level 8. HP: 23/71 MP: 7/7
  4759 | D:5      | Noticed Blork the orc
  4768 | D:5      | Killed Blork the orc
  4768 | D:5      | Reached **** piety under Trog
  4874 | D:5      | Reached skill level 10 in Axes
  4885 | D:5      | Slain by a gnoll

Vault maps used:
D:1:      nicolae_arrival_washed_ashore
D:2:      roderic_serpentine_path
D:3:      minmay_divided_ellipse
D:4:      first_bread
D:5:      grunt_temple_overflow_diamond,
          hangedman_abyss_or_decor_jellyfish_corner, grunt_ministairs_10,
          uniq_edmund, uniq_blork_the_orc, uniq_duvessa

Skill      XL: |  1  2  3  4  5  6  7  8 |
---------------+-------------------------+-----
Axes           | 4 5 6 7 9 10 | 10.0
Fighting       | 4 5 6 |  6.9
Dodging        | 3 4 |  4.5
Armour         | 3 4 |  4.9
Stealth        | 1 |  1.8
Shields        | 1 |  1.3

Action                   |  1- 3 |  4- 6 |  7- 9 || total
-------------------------+-------+-------+-------++-------
Melee: Hand axe          |    74 |   147 |    15 ||   236
       Headbutt          |    11 |    28 |    18 ||    57
       Broad axe         |       |       |    77 ||    77
Invok: Trog's Hand       |       |     1 |       ||     1
       Berserk           |       |     2 |     3 ||     5
  Use: Scroll            |     1 |     8 |       ||     9
 Stab: Sleeping          |       |       |     1 ||     1
  Eat: Chunk             |     1 |     7 |     1 ||     9
       Bread ration      |       |     1 |       ||     1
       Royal jelly       |       |       |     1 ||     1
       Meat ration       |       |       |     1 ||     1
Armor: Animal skin       |     7 |       |       ||     7
       Leather armour    |    13 |    53 |    32 ||    98
Dodge: Dodged            |    43 |   103 |    59 ||   205
Block: Buckler           |       |     9 |     8 ||    17
